 Dungeon Crawl Stone Soup version 0.29-a0-330-g52719c12eb (webtiles) character file.

Game seed: 1601737863219359785

2690 vineage the Fighter (level 9, -8/65 HPs)
             Began as a Gargoyle Fighter on May 25, 2022.
             Mangled by an eight-headed hydra (12 damage)
             ... on level 6 of the Dungeon.
             The game lasted 00:10:34 (8607 turns).

vineage the Fighter (Gargoyle Fighter)              Turns: 8607, Time: 00:10:34

Health: -8/65      AC: 16    Str: 27    XL:     9   Next: 64%
Magic:  9/9        EV:  9    Int:  6    God:
Gold:   349        SH:  6    Dex: 16    Spells: 8/8 levels left

rFire   + . .      SeeInvis .   l - +8 dagger of the Eggplant {freeze, rC++}
rCold   + . .      Faith    .   c - +1 buckler
rNeg    + . .      Spirit   .   b - +0 scale mail
rPois   ∞          Reflect  .   (no helmet)
rElec   +          Harm     .   (no cloak)
rCorr   .          Rampage  .   x - +0 pair of gloves
Will    .....                   o - +0 pair of boots
Stlth   ..........              (no amulet)
HPRegen 0.20/turn               t - ring of fire
MPRegen 0.11/turn               r - ring of Rieluph {+Blink Str+6 Int-2 Dex+3}

@: about to teleport
A: sickness immunity, AC +6, negative energy resistance 1, electricity
resistance, torment resistance 1, petrification resistance
a: Evoke Blink


You were on level 6 of the Dungeon.
You visited 1 branch of the dungeon, and saw 7 of its levels.
You also visited: Ossuary.

You collected 349 gold pieces.

Inventory:

Hand Weapons
 a - a +0 flail
 l - the +8 dagger of the Eggplant (weapon) {freeze, rC++}
   (You found it on level 2 of the Dungeon)

   It freezes those it strikes, dealing additional cold damage.
   It can also slow down cold-blooded creatures.
   rC:        It greatly protects you from cold.
Armour
 b - a +0 scale mail (worn)
 c - a +1 buckler (worn)
 o - a +0 pair of boots (worn)
 x - a +0 pair of gloves (worn)
Jewellery
 e - a ring of positive energy
 r - the ring of Rieluph (right hand) {+Blink Str+6 Int-2 Dex+3}
   (You acquired it on level 4 of the Dungeon)

   [ring of strength]

   Str:       It affects your strength (+6).
   Int:       It affects your intelligence (-2).
   Dex:       It affects your dexterity (+3).
   +Blink:    It lets you blink.
 t - a ring of fire (left hand)
Wands
 p - a wand of charming (29)
Scrolls
 d - a scroll of identify
 j - a scroll of teleportation
 k - 3 scrolls of fear
 m - 3 scrolls of amnesia
 w - a scroll of enchant armour
 y - a scroll of fog
Potions
 f - 3 potions of magic
 g - 2 potions of haste
 h - a potion of heal wounds
 i - a potion of ambrosia
 n - a potion of attraction
 q - 2 potions of brilliance
 s - a potion of invisibility
 u - 2 potions of curing
 v - a potion of berserk rage {unknown}
 z - a potion of resistance {unknown}
 A - a potion of mutation {unknown}


   Skills:
 * Level 12.3 Fighting
 - Level 2.0 Maces & Flails
 + Level 5.4 Armour
 + Level 5.4 Shields
 + Level 3.3 Evocations


You had 8 spell levels left.
You didn't know any spells.
Your spell library contained the following spells:

 Spells                   Type           Power      Damage    Failure   Level
 Ensorcelled Hibernation  Hex/Ice        0%         N/A       90%         2
 Passwall                 Tmut/Erth      0%         N/A       90%         2
 Summon Guardian Golem    Hex/Summ       0%         N/A       99%         3
 Swiftness                Air            0%         N/A       99%         3
 Orb of Destruction       Conj           0%         9d5       100%        7
 Spellforged Servitor     Conj/Summ      0%         N/A       100%        7


Dungeon Overview and Level Annotations

Branches:
Dungeon (7/15)            Ossuary (visited)
 Temple: D:4-7

Altars:
Fedhas

Shops:
D:1 [   D:3 ?


Innate Abilities, Weirdness & Mutations

You are immune to sickness and miasma.
Your stone body is resilient. (AC +6)
You are immune to poison.
You resist negative energy. (rN+)
You are resistant to electric shocks. (rElec)
You are resistant to unholy torment.
You are immune to petrification.


Message History

You climb upwards.
The eight-headed hydra bites you but does no damage.
The eight-headed hydra bites you.
* * * LOW HITPOINT WARNING * * *
The eight-headed hydra bites you but does no damage. x2
The eight-headed hydra completely misses you.
The eight-headed hydra bites you.
* * * LOW HITPOINT WARNING * * *
The eight-headed hydra bites you but does no damage. x3
You block the eight-headed hydra's attack.
The eight-headed hydra bites you.
* * * LOW HITPOINT WARNING * * *
The eight-headed hydra bites you.
* * * LOW HITPOINT WARNING * * *
The eight-headed hydra bites you but does no damage. x2
The eight-headed hydra bites you.
* * * LOW HITPOINT WARNING * * *
The eight-headed hydra bites you but does no damage.
There is a stone staircase leading down here.
Okay, then.
You feel much better. You block the wight's attack.
The eight-headed hydra barely misses you.
You block the eight-headed hydra's attack.
The eight-headed hydra bites you but does no damage.
The eight-headed hydra bites you. The eight-headed hydra bites you!
* * * LOW HITPOINT WARNING * * *
The eight-headed hydra bites you but does no damage.
The eight-headed hydra misses you.
The eight-headed hydra barely misses you.
As you read the scroll of teleportation, it crumbles to dust.
You feel strangely unstable. The wight hits you but does no damage.
The eight-headed hydra bites you but does no damage. x2
The eight-headed hydra bites you.
* * * LOW HITPOINT WARNING * * *
The eight-headed hydra bites you!
* * * LOW HITPOINT WARNING * * *
The eight-headed hydra barely misses you.
The eight-headed hydra bites you but does no damage.
The eight-headed hydra bites you!
You die...

#####.....## #.##≈≈##....#######.
..##.......###.#..≈.#.#..# ..
#..........#...##≈≈##.#..########
###............######.#...##.....
#.#.......####.. #...#....####
#.#.....### ##.####..#####.#
#........# #....#..## #..# # #
##.......# ##D##...## #.## ## #
#.......# #..@...#######.# #. #
######### #.z.##.##......# #. #
##.≈≈≈.####.###...D###### #.
#####..≈≈≈.≈##..# ##..## ######.
##.#≈..≈..≈bl#.#####<######......
##.###########.###..........####.
..[)[....[)[)........######## #.
.#############........# #. <#
#.≈.≈...bb##.......# ##


You could see an eight-headed hydra and a wight.

Vanquished Creatures
  Grinder (D:4)
  Sigmund (D:3)
  Duvessa (D:4)
  3 water moccasins
  2 black bears
  2 orc warriors
  A sky beast (D:5)
  2 ice beasts
  Blork the orc (D:4)
  A kobold brigand (D:7)
  2 bullfrogs
  A necrophage (D:7)
  A scorpion (D:6)
  Dowan (D:4)
  2 hounds (D:5)
  A jelly (D:5)
  A gnoll shaman (D:6)
  3 orc priests
  4 iguanas
  9 orc wizards
  Robin (D:3)
  A mummy (Ossuary)
  5 gnolls (D:6)
  9 adders
  A shadow imp (D:6)
  An ufetubus (D:5)
  2 worms (D:2)
  A dart slug (D:4)
  17 orcs
  A spectral bat (Ossuary)
  A bat (D:2)
  9 endoplasms
  3 giant cockroaches
  12 gnoll zombies (Ossuary)
  15 goblins
  9 hobgoblins
  3 jackals (D:2)
  4 quokkas
  11 ball pythons
  5 bat simulacra (Ossuary)
  13 frilled lizards
  5 goblin simulacra (Ossuary)
  6 goblin zombies
  5 hobgoblin zombies (Ossuary)
  6 kobolds
  A kobold simulacrum (Ossuary)
  4 kobold zombies (Ossuary)
  5 orc zombies (Ossuary)
  3 rats
  4 rat simulacra (Ossuary)
  4 spectral goblins (Ossuary)
  2 spectral kobolds (Ossuary)
  4 spectral rats (Ossuary)
213 creatures vanquished.

Vanquished Creatures (others)
  An orc wizard (D:6)
  5 fungi (D:6)
  7 plants (D:2)
  4 toadstools (D:1)
17 creatures vanquished.

Grand Total: 230 creatures vanquished

Notes
Turn   | Place    | Note
-------+----------+-------------------------------------------
     0 | D:1      | vineage the Gargoyle Fighter began the quest for the Orb.
     0 | D:1      | Reached XP level 1. HP: 14/14 MP: 1/1
    28 | D:1      | Found Zuni's Armour Shoppe.
   607 | D:1      | Reached XP level 2. HP: 20/20 MP: 2/2
   658 | D:1      | Reached skill level 4 in Fighting
  1211 | D:2      | Reached XP level 3. HP: 22/24 MP: 3/3
  1283 | D:2      | Reached skill level 5 in Fighting
  1597 | D:2      | Reached XP level 4. HP: 31/31 MP: 4/4
  1617 | D:2      | Found a blossoming altar of Fedhas.
  2153 | D:2      | Identified the +8 dagger of the Eggplant {freeze, rC++}
  2527 | D:3      | Found Taheuded's Magic Scroll Boutique.
  2547 | D:3      | Noticed Robin
  2549 | D:3      | Reached skill level 6 in Fighting
  2557 | D:3      | Killed Robin
  2558 | D:3      | Reached XP level 5. HP: 30/36 MP: 5/5
  2682 | D:3      | Noticed Sigmund
  2700 | D:3      | Killed Sigmund
  2701 | D:3      | Reached skill level 7 in Fighting
  2701 | D:3      | Reached XP level 6. HP: 28/44 MP: 6/6
  2908 | D:3      | Found a faded altar of an unknown god.
  3484 | D:4      | Reached skill level 8 in Fighting
  3502 | D:4      | Noticed Duvessa
  3517 | D:4      | Killed Duvessa
  3518 | D:4      | Reached XP level 7. HP: 27/50 MP: 7/7
  3519 | D:4      | Noticed Dowan
  3520 | D:4      | Noticed Blork the orc
  3526 | D:4      | Killed Dowan
  3529 | D:4      | Killed Blork the orc
  3530 | D:4      | Reached skill level 9 in Fighting
  3879 | D:4      | Noticed Grinder
  3891 | D:4      | Paralysed by Grinder for 2 turns
  3896 | D:4      | Paralysed by Grinder for 5 turns
  3924 | D:4      | Killed Grinder
  3925 | D:4      | Reached skill level 10 in Fighting
  3925 | D:4      | Reached XP level 8. HP: 54/57 MP: 8/8
  3988 | D:4      | Found a sand-covered staircase.
  3998 | Ossuary  | Entered an ossuary
  4895 | D:4      | Identified a scroll of acquirement
  4895 | D:4      | Acquired the ring of Rieluph {+Blink Str+6 Int-2 Dex+3}
  4924 | D:5      | Entered Level 5 of the Dungeon
  5140 | D:5      | Reached skill level 1 in Evocations
  5232 | D:5      | Reached skill level 11 in Fighting
  6707 | D:6      | Reached XP level 9. HP: 62/64 MP: 9/9
  6715 | D:6      | Noticed an eight-headed hydra
  8072 | D:7      | Reached skill level 5 in Armour
  8072 | D:7      | Reached skill level 5 in Shields
  8106 | D:7      | Reached skill level 12 in Fighting
  8605 | D:6      | HP: 3/65 [eight-headed hydra (1)]
  8607 | D:6      | Mangled by an eight-headed hydra

Illustrated notes

Levels and vault maps discovered:
D:1:      ldierk_water_garden, layout_loops_corners, serial_shops, shop,
          serial_park_tiny_1
D:2:      layout_basic, basic_altar, minmay_lizard_king
D:3:      layout_basic, serial_shops, shop, ebering_ecumenical_altar_petrified,
          uniq_sigmund, uniq_robin
D:4:      layout_basic, enter_ossuary_4,
          hangedman_abyss_or_decor_jellyfish_corner, grunt_decor_fettered,
          minmay_splitting_lines, lemuel_another_geyser, uniq_grinder,
          uniq_duvessa, uniq_blork_the_orc
D:5:      cheibrodos_helix_gallery, layout_basic, serial_glass, glass_columns_c,
          glass_columns_b
D:6:      layout_rooms, serial_aquarium, aquarium_bridge_straight
          [aquarium_subvault_bridge, aquarium_subvault_window,
          aquarium_subvault_bridge, aquarium_subvault_wall],
          aquarium_window_corridor_1, aquarium_window_fake, aquarium_view_2d,
          aquarium_view_2f, aquarium_balcony_1b, aquarium_pool_1
D:7:      layout_loops_ring, minmay_temple_entry_enclosed_plants

Skill      XL: |  1  2  3  4  5  6  7  8  9 |
---------------+----------------------------+-----
Fighting       | 4 5 6 7 8 10 11 12 | 12.3
Evocations     | 2 3 |  3.3
Armour         | 4 5 |  5.4
Shields        | 4 5 |  5.4
Maces & Flails | |  2.0

Action                   |  1- 3 |  4- 6 |  7- 9 || total
-------------------------+-------+-------+-------++-------
Melee: Flail             |   125 |    20 |       ||   145
       Dagger            |       |    89 |   463 ||   552
  Use: Scroll            |     6 |     1 |    11 ||    18
       Potion            |       |       |     3 ||     3
 Stab: Distracted        |       |       |     1 ||     1
Armor: Scale mail        |    66 |    42 |   243 ||   351
Dodge: Dodged            |    67 |    34 |   177 ||   278
Block: Buckler           |    31 |    28 |   118 ||   177

Table legend: (Time is in decaauts)
 A = Elapsed time spent in this place.
 B = Non-inter-level travel time spent in this place.
 C = Inter-level travel time spent in this place.
 D = Time resting spent in this place.
 E = Time spent auto-exploring this place.
 F = Levels seen in this place.
 G = Mean time per level.
                   A        B        C        D        E       F      G
               +--------+--------+--------+--------+--------+-----+--------+
         Total |   8683 |   8416 |    267 |   1560 |   5358 |   8 | 1085.4 |
       Dungeon |   8252 |   7985 |    267 |   1560 |   5101 |   7 | 1178.9 |
       Ossuary |    430 |    430 |      0 |      0 |    257 |   1 |  430.0 |
               +--------+--------+--------+--------+--------+-----+--------+

Top non-repeatable levels by time:
     D:5: 2046 daAuts
     D:1: 1221 daAuts
     D:3: 1148 daAuts
     D:2: 1139 daAuts
     D:4: 1044 daAuts
     D:6: 880 daAuts
     D:7: 771 daAuts
 Ossuary: 430 daAuts
